 Dungeon Crawl Stone Soup version 0.26.1-11-gd32895ea62 (webtiles) character file.

Game seed: 13137322801049747574

136 ubername the Skirmisher (level 4, 0/37 HPs)
             Began as a Demonspawn Monk on June 22, 2021.
             Slain by an orc priest
             ... wielding a +0 club
              (2 damage)
             ... on level 4 of the Dungeon.
             The game lasted 00:07:41 (4888 turns).

ubername the Skirmisher (Demonspawn Monk)           Turns: 4888, Time: 00:07:42

Health: 0/37       AC:  8    Str: 11 (14) XL:     4   Next: 98%
Magic:  4/4        EV: 12    Int: 10 (11) God:
Gold:   218        SH:  0    Dex: 17      Spells: 3/3 levels left

rFire    . . .     SeeInvis .   a - +1 falchion
rCold    + . .     Faith    .   (no shield)
rNeg     . . .     Spirit   .   n - +0 ring mail
rPois    .         Reflect  .   (helmet restricted)
rElec    .         Harm     .   (no cloak)
rCorr    .         Rampage  .   t - +2 pair of gloves {Str+3}
Will     .....                  (no boots)
Stlth    +.........             m - amulet of the acrobat
HPRegen  0.12/turn              v - ring of protection from cold
MPRegen  0.09/turn              (no ring)

@: no status effects
A: antennae 1, hooves 1, miasma immunity
a: no special abilities


You were on level 4 of the Dungeon.
You visited 1 branch of the dungeon, and saw 4 of its levels.

You collected 218 gold pieces.

Inventory:

Hand Weapons
 a - a +1 falchion (weapon)
 c - a +0 hunting sling
 s - a +3 short sword
Missiles
 d - 224 stones (quivered)
 j - 39 sling bullets
 o - 2 curare-tipped darts
Armour
 b - a +0 robe
 n - a +0 ring mail (worn)
 t - a +2 pair of gloves of strength (worn)
Jewellery
 m - an amulet of the acrobat (around neck)
 v - a ring of protection from cold (left hand)
Wands
 l - a wand of disintegration (12)
Scrolls
 h - 2 scrolls of identify
 k - a scroll of fog
 q - a scroll of enchant armour
 r - a scroll of magic mapping
 u - a scroll of remove curse
Potions
 f - a potion of flight
 i - a potion of mutation {unknown}
 p - a potion of curing


   Skills:
 + Level 3.7 Fighting
 + Level 3.5 Long Blades
 + Level 0.5 Throwing
 + Level 1.0 Armour
 + Level 3.3 Dodging
 + Level 2.6 Stealth


You had 3 spell levels left.
You didn't know any spells.
Your spell library was empty.

Dungeon Overview and Level Annotations

Branches:
Dungeon (4/15)
 Temple: D:4-7

Altars:
Ashenzari
Cheibriados
Fedhas
Makhleb
Sif Muna
Uskayaw


Innate Abilities, Weirdness & Mutations

You have a pair of small antennae on your head.
You have large cloven feet.
You are immune to miasma.


Message History

The orc priest is moderately wounded.
The orc priest hits you but does no damage.
You barely miss the orc priest. Your kick misses the orc priest.
The orc priest is moderately wounded.
The orc priest hits you with a +0 club.
* * * LOW HITPOINT WARNING * * *
The orc priest misses you.
You riposte.
You hit the orc priest.
The orc priest is heavily wounded.
You barely miss the orc priest.
You kick the orc priest, but do no damage.
The orc priest is heavily wounded.
The orc priest barely misses you.
You barely miss the orc priest.
The orc priest is heavily wounded.
The orc priest hits you with a +0 club.
* * * LOW HITPOINT WARNING * * *
You hit the orc priest.
The orc priest is severely wounded.
The orc priest hits you with a +0 club.
You die...

. .. ..o ...o
.....## ### ..
.......## #@# ..
###.oo.#####o# .
#...........#.# #
.........#....# .
......#######.###
# .....# ##..#
.###..## ##..##
...#### ##..#.#
......# ##..##.#


You could see an orc priest.

Vanquished Creatures
  A centaur skeleton (D:4)
  2 adders (D:3)
  A howler monkey skeleton (D:3)
  An adder zombie (D:3)
  An adder skeleton (D:3)
  A worm (D:3)
  2 dart slugs
  3 leopard geckos
  6 orcs (D:4)
  8 bats
  2 giant cockroaches
  5 goblins
  7 hobgoblins
  2 jackals (D:3)
  5 frilled lizards
  5 kobolds
  4 rats
56 creatures vanquished.

Vanquished Creatures (others)
  A plant (D:1)
  3 withered plants (D:3)
4 creatures vanquished.

Grand Total: 60 creatures vanquished

Notes
Turn   | Place    | Note
-------+----------+-------------------------------------------
     0 | D:1      | ubername the Demonspawn Monk began the quest for the Orb.
     0 | D:1      | Reached XP level 1. HP: 18/18 MP: 1/1
   335 | D:1      | Gained mutation: You are immune to miasma. [demonic
                  | ancestry]
   335 | D:1      | Reached XP level 2. HP: 3/24 MP: 2/2
  1694 | D:2      | Found a snail-covered altar of Cheibriados.
  1728 | D:2      | You fall into a shaft and drop 1 floor!
  1743 | D:3      | Gained mutation: You have large cloven feet. [demonic
                  | ancestry]
  1743 | D:3      | Reached XP level 3. HP: 23/29 MP: 3/3
  1902 | D:3      | Found a hide-covered altar of Uskayaw.
  2317 | D:3      | Found a faded altar of an unknown god.
  2354 | D:3      | Gained mutation: You have a pair of small antennae on your
                  | head. [demonic ancestry]
  2354 | D:3      | Reached XP level 4. HP: 37/37 MP: 4/4
  3760 | D:3      | Found a blossoming altar of Fedhas.
  4243 | D:3      | Found a shimmering blue altar of Sif Muna.
  4381 | D:4      | HP: 1/37 [centaur skeleton (4)]
  4736 | D:4      | Found a burning altar of Makhleb.
  4774 | D:4      | Found a broken altar of Ashenzari.
  4878 | D:4      | Reached skill level 1 in Armour
  4888 | D:4      | Slain by an orc priest

Illustrated notes

Levels and vault maps discovered:
D:1:      dpeg_arrival_court, layout_loops_cross, serial_forest,
          infiniplex_forest_corner_1, infiniplex_forest_clump_large,
          infiniplex_forest_clump_medium, infiniplex_forest_straight_5,
          infiniplex_forest_clump_curved, infiniplex_forest_corner_1,
          minmay_misc_feat_more_columns
D:2:      layout_basic, cheibriados_altar_1
D:3:      layout_loops_corners, fedhas_altar_3, lemuel_blue_sif_altar,
          eat_drink_and_be_merry_uskayaw, serial_undead, serial_undead_c,
          serial_undead_b, serial_undead_c, serial_undead_b,
          chequers_ecumenical_altar_grove, grunt_decor_resistance, minivault_25
D:4:      layout_layer_cave, lemuel_coloured_pillars_altar,
          small_statue_intersection, glass_columns_a,
          nicolae_ashenzari_panopticon

Skill      XL: |  1  2  3  4 |
---------------+-------------+-----
Dodging        | 3 |  3.3
Long Blades    | 3 |  3.5
Stealth        | 2 |  2.6
Armour         | 1 |  1.0
Fighting       | |  3.7
Throwing       | |  0.5

Action                   |  1- 3 |  4- 6 || total
-------------------------+-------+-------++-------
Melee: Falchion          |   117 |    64 ||   181
       Kick              |     8 |    17 ||    25
Throw: Stone             |       |    12 ||    12
       Dart              |       |     6 ||     6
  Use: Scroll            |     5 |     8 ||    13
       Potion            |     1 |     5 ||     6
 Stab: Sleeping          |     5 |     2 ||     7
Armor: Robe              |    23 |       ||    23
       Ring mail         |     1 |    17 ||    18
Dodge: Dodged            |    83 |    39 ||   122
       Rpst.: Falchion   |    25 |    15 ||    40
